 Dungeon Crawl Stone Soup version 0.20.1-1-g8b1a95d (webtiles) character file.

1357 keipra the Ruffian (level 8, -2/62 HPs)
             Began as a Grey Draconian Transmuter on Sept 26, 2017.
             Was a Believer of Ru.
             Slain by a wight
             ... wielding a +4 dire flail of freezing
              (5 damage)
             ... on level 6 of the Dungeon.
             The game lasted 00:17:50 (5829 turns).

keipra the Ruffian (Grey Draconian Transmuter)      Turns: 5829, Time: 00:17:50

Health: -2/62      AC: 11    Str: 13    XL:     8   Next: 37%
Magic:  7/13       EV: 12    Int: 17    God:    Ru [**....]
Gold:   258        SH:  0    Dex: 12    Spells: 7/14 levels left

rFire    . . .     SeeInvis .     - Unarmed
rCold    . . .     Gourm    .   (no shield)
rNeg     . . .     Faith    .   (armour unavailable)
rPois    .         Spirit   .   (helmet restricted)
rElec    .         Reflect  .   (no cloak)
rCorr    .         Harm     .   (no gloves)
MR       .....                  (boots currently unavailable)
Stlth    +.........             f - amulet of regeneration
Regen    0.6/turn               x - +2 ring of intelligence
MPRegen  0.2/turn               (no ring)

@: appendage, drained
A: walk through water, unfitting armour, talons 3, unbreathing, cold-blooded,
inability to use devices, AC +11
a: End Transformation, Renounce Religion


You were on level 6 of the Dungeon.
You worshipped Ru.
Ru was pleased with you.
You were not hungry.
You had grown temporary talons.
You visited 1 branch of the dungeon, and saw 6 of its levels.

You collected 258 gold pieces.

Inventory:

Missiles
 a - 87 arrows
Armour
 o - a +3 large shield
Jewellery
 f - an amulet of regeneration (around neck)
 x - a +2 ring of intelligence (left hand)
Wands
 q - a wand of random effects (16/48)
 s - a wand of flame (25/48)
 v - a wand of iceblast (3/15)
Scrolls
 e - 2 scrolls of enchant armour
 k - a scroll of magic mapping {unknown}
 m - 4 scrolls of immolation
 p - 2 scrolls of amnesia
 r - a scroll of teleportation
 t - 2 scrolls of remove curse
 y - a scroll of fear {unknown}
Potions
 g - a potion of ambrosia
 h - a potion of lignification
 j - a potion of agility
 l - a potion of magic {unknown}
 n - 3 potions of degeneration {unknown}
 w - 5 potions of curing
 A - a potion of mutation
 B - a potion of haste
Books
 b - a book of Changes

   Spells                             Type                      Level
   a - Beastly Appendage              Transmutation                1
   b - Sticks to Snakes               Transmutation                2
   c - Spider Form                    Transmutation/Poison         3
   d - Ice Form                       Ice/Transmutation            4
   e - Blade Hands                    Transmutation                5
Comestibles
 c - 4 bread rations
 d - 3 meat rations
 i - 5 fruits
 u - 9 chunks of flesh
 z - 2 royal jellies


   Skills:
 + Level 2.6(2.0) Fighting
 - Level 1.7(1.1) Dodging
 - Level 7.0(6.3) Unarmed Combat
 * Level 3.8(3.2) Spellcasting
 - Level 7.0(6.3) Transmutations


You had 7 spell levels left.
You knew the following spells:

 Your Spells              Type           Power        Failure   Level  Hunger
a - Beastly Appendage     Tmut           ###...       1%          1    None
b - Ice Form              Ice/Tmut       ##......     43%         4    ####...
s - Sticks to Snakes      Tmut           ###.....     1%          2    ##.....


Dungeon Overview and Level Annotations

Branches:
Dungeon (6/15)             Temple (0/1) D:5

Altars:
Makhleb
Ru


Innate Abilities, Weirdness & Mutations

You can walk through water.
Your dull iron-grey scales are very hard. (AC +11)
You cannot fit into any form of body armour.
You can survive without breathing.
You are cold-blooded and may be slowed by cold attacks.
You cannot study or use magical devices.
You have claws for feet.


Message History

You hit the wight but do no damage.
Your tail-slap misses the wight.
The wight is severely damaged.
The adder barely misses your adder.
Your adder closely misses the adder.
The wight closely misses you. The wight misses you.
You barely miss the wight.
The wight is severely damaged.
The adder closely misses your adder.
Your adder barely misses the wight.
The wight hits you but does no damage. The wight barely misses you.
Your adder closely misses the wight.
The adder bites your adder.
You completely miss the wight. You claw the wight.
The wight is almost destroyed.
The adder dies!
The wight hits you but does no damage.
Your adder closely misses the wight.
The wight hits you with a great sword of slicing!
* * * LOW HITPOINT WARNING * * *
x2 You focus your will and illuminate the wight in retribution!
The wight hits you with a dire flail of freezing!
* * * LOW HITPOINT WARNING * * *
You feel drained.
You die...

..# .. #.#
.###. .?# #>#.
####.# #..#
#....# #..#
#.#..####..#
.#..........#
...........zzz#
##..#######S@.#
..z #..SS..# .5
#...)).# .
######...###
#...#......#
#......#.#.#
######..##.#.#
#...#...##.# #
#..........#


You could see 3 wights, a friendly water moccasin, a friendly adder and a
friendly ball python.

Vanquished Creatures
  Grinder (D:6)
  Duvessa (D:6)
  A sky beast (D:5)
  A centaur (D:5)
  Dowan (D:5)
  A crimson imp (D:5)
  2 bullfrog zombies (D:5)
  2 orc priests
  3 hounds
  A bullfrog skeleton (D:4)
  Ijyb (D:3)
  Terence (D:3)
  An iguana (D:4)
  3 orc wizards
  2 worker ants (D:4)
  A hound skeleton (D:6)
  Robin (D:2)
  3 gnolls (D:3)
  6 adders
  A shadow imp (D:5)
  5 worms
  A dart slug (D:2)
  3 leopard geckos
  12 orcs
  17 bats
  3 giant cockroaches
  17 goblins
  10 hobgoblins
  16 jackals
  2 quokkas
  4 ball pythons
  5 frilled lizards
  9 kobolds
  11 rats
149 creatures vanquished.

Vanquished Creatures (collateral kills)
  A necrophage (D:5)
  2 wights (D:6)
  An orc wizard (D:6)
  An adder (D:6)
  A frilled lizard (D:3)
6 creatures vanquished.

Grand Total: 155 creatures vanquished

Notes
Turn   | Place    | Note
-------+----------+-------------------------------------------
     0 | D:1      | keipra the Draconian Transmuter began the quest for the Orb.
     0 | D:1      | Reached XP level 1. HP: 16/16 MP: 3/3
   224 | D:1      | Reached XP level 2. HP: 23/23 MP: 5/5
   609 | D:1      | Learned a level 2 spell: Sticks to Snakes
   916 | D:2      | Noticed Robin
  1114 | D:1      | Reached XP level 3. HP: 25/28 MP: 6/6
  1174 | D:2      | Killed Robin
  1433 | D:2      | Found a sacrificial altar of Ru.
  1455 | D:2      | Became a worshipper of Ru the Awakened
  1553 | D:2      | Reached XP level 4. HP: 34/35 MP: 7/7
  1588 | D:2      | Reached skill level 5 in Unarmed Combat
  2482 | D:3      | Reached XP level 5. HP: 40/40 MP: 8/8
  2497 | D:3      | Noticed Ijyb
  2516 | D:3      | Killed Ijyb
  2584 | D:3      | Noticed Terence
  2601 | D:3      | Killed Terence
  3091 | D:3      | Reached XP level 6. HP: 17/47 MP: 9/9
  4374 | D:3      | Learned a level 4 spell: Ice Form
  4608 | D:5      | Entered Level 5 of the Dungeon
  4775 | D:5      | Noticed a sky beast
  4833 | D:5      | Killed a sky beast
  4833 | D:5      | Your scales start taking on a dull iron-grey colour.
  4833 | D:5      | Reached XP level 7. HP: 32/52 MP: 1/10
  4833 | D:5      | Gained mutation: You can survive without breathing. [Grey Draconian growth]
  4834 | D:5      | Gained mutation: You cannot study or use magical devices. [Ru sacrifice]
  4834 | D:5      | Reached * piety under Ru
  4834 | D:5      | Reached ** piety under Ru
  4972 | D:5      | Reached skill level 5 in Transmutations
  5078 | D:5      | Found a burning altar of Makhleb.
  5164 | D:5      | Found a staircase to the Ecumenical Temple.
  5362 | D:6      | Noticed Dowan
  5364 | D:6      | Noticed Duvessa
  5376 | D:6      | Noticed Grinder
  5395 | D:6      | Killed Duvessa
  5405 | D:5      | HP: 1/52 [Dowan/stone arrow (4)]
  5496 | D:5      | Killed Dowan
  5496 | D:5      | Reached XP level 8. HP: 25/59 MP: 8/11
  5610 | D:6      | Paralysed by Grinder for 6 turns
  5632 | D:6      | Killed Grinder
  5829 | D:6      | HP: 3/62 [wight/dire flail of freezing (10)]
  5829 | D:6      | Slain by a wight

Skill      XL: |  1  2  3  4  5  6  7  8 |
---------------+-------------------------+-----
Unarmed Combat | 4 5 6 7 |  7.0
Transmutations | 4 7 |  7.0
Fighting       | 2 |  2.6
Spellcasting   | 3 |  3.8
Dodging        | |  1.7

Action                   |  1- 3 |  4- 6 |  7- 9 || total
-------------------------+-------+-------+-------++-------
Melee: Unarmed           |   147 |   348 |   137 ||   632
       Tailslap          |    20 |    22 |    18 ||    60
       Punch             |     4 |     8 |     4 ||    16
       Kick              |     3 |    11 |    20 ||    34
       Headbutt          |       |     9 |     6 ||    15
 Cast: Beastly Appendage |     2 |    25 |    10 ||    37
       Sticks to Snakes  |     1 |    10 |    16 ||    27
Invok: Sacrifice Artific |       |       |     1 ||     1
  Use: Scroll            |       |    12 |     1 ||    13
 Stab: Sleeping          |     1 |     2 |     1 ||     4
       Distracted        |       |     2 |       ||     2
       Invisible         |       |       |     3 ||     3
  Eat: Chunk             |     1 |    10 |     5 ||    16
       Fruit             |     1 |       |       ||     1
       Royal jelly       |       |     1 |       ||     1
Armor: Skin              |    38 |   109 |    32 ||   179
Dodge: Dodged            |    93 |   219 |    83 ||   395
